 Dungeon Crawl Stone Soup version 0.20-a0-850-ge5a7832 (webtiles) character file.

33 Dfrag the Firebug (level 3, -1/28 HPs)
             Began as a Naga Fire Elementalist on Mar 9, 2017.
             Slain by a gnoll
             ... wielding a cursed -1 club
              (2 damage)
             ... on level 2 of the Dungeon.
             The game lasted 00:01:57 (884 turns).

Dfrag the Firebug (Naga Fire Elementalist)           Turns: 884, Time: 00:01:57

Health: -1/28      AC:  2    Str: 10    XL:     3   Next: 29%
Magic:  0/6        EV: 10    Int: 16    God:
Gold:   25         SH:  0    Dex: 11    Spells: 6/7 levels left

rFire    . . .     SeeInvis +   l - +2 whip (drain)
rCold    . . .     Gourm    .   a - +0 robe
rNeg     . . .     Faith    .   (no shield)
rPois    +         Spirit   .   (no helmet)
rElec    .         Reflect  .   (no cloak)
rCorr    .         Harm     .   (no gloves)
MR       .....                  (no barding)
Stlth    ++........             (no amulet)
Regen    0.1/turn               (no ring)
MPRegen  0.1/turn               (no ring)

@: short of breath, very slightly contaminated, very slow
A: see invisible, deformed body, poison resistance, slowness 2, slow metabolism
1, spit poison 1, AC +1
a: Spit Poison


You were on level 2 of the Dungeon.
You were hungry.

You visited 1 branch of the dungeon, and saw 2 of its levels.

You collected 25 gold pieces.

Inventory:

Hand Weapons
 l - a +2 whip of draining (weapon)
Armour
 a - a +0 robe (worn)
Scrolls
 e - 3 scrolls of magic mapping {unknown}
 g - a scroll of remove curse {unknown}
 h - a scroll of fog {unknown}
 j - a scroll of immolation {unknown}
Potions
 i - a potion of invisibility {unknown}
 k - a potion of curing {unknown}
Books
 b - a book of Flames

   Spells                             Type                      Level
   a - Flame Tongue                   Conjuration/Fire             1
   b - Throw Flame                    Conjuration/Fire             2
   c - Conjure Flame                  Conjuration/Fire             3
   d - Inner Flame                    Hexes/Fire                   3
   e - Sticky Flame                   Conjuration/Fire             4
   f - Fireball                       Conjuration/Fire             5
Comestibles
 c - a bread ration
 d - a meat ration
 f - a royal jelly


   Skills:
 - Level 1.5 Dodging
 - Level 3.0 Stealth
 + Level 2.6 Spellcasting
 + Level 1.8 Conjurations
 + Level 3.4 Fire Magic


You had 6 spell levels left.
You knew the following spells:

 Your Spells              Type           Power        Failure   Level  Hunger
a - Flame Tongue          Conj/Fire      ##...        10%         1    #......


Dungeon Overview and Level Annotations

Branches:
Dungeon (2/15)

Altars:


Innate Abilities, Weirdness & Mutations

You cannot wear boots.
Your serpentine skin is tough. (AC +1)
You have supernaturally acute eyesight. (SInv)
Armour fits poorly on your strangely shaped body.
Your system is resistant to poisons. (rPois)
You cover ground very slowly.
You have a slow metabolism.
You can spit poison.


Message History

Casting: Flame Tongue
Confirm with . or Enter, or press ? or * to list all spells.
Aiming: Flame Tongue
Press: ? - help, Shift-Dir - straight line, f/p - gnoll
Aim: a gnoll, wielding a club (heavily wounded, poisoned)
The flame tongue hits the gnoll.
The gnoll appears unharmed.
The gnoll is heavily wounded.
The gnoll hits you with a club.
* * * LOW HITPOINT WARNING * * *
A rat comes into view.
Unknown command.
Casting: Flame Tongue
Confirm with . or Enter, or press ? or * to list all spells.
You don't have enough magic to cast that spell.
Unknown command.
Unknown command.
You closely miss the gnoll.
The gnoll is heavily wounded.
The gnoll hits you with a club.
You die...

....###....#
........#..#
..#
###.##..#..##
..
....#..###..##
.. ####..##
##.)## .###
#..## ##..##
....# #..##
+#.†####..<.##
...# ..
##...#b......
.## .⌠.
###@gl...... .
..⌠.
#...#S...r..
#..⌠.
#..###.#....#
##...##... ..
.... #..# .##
..# #..# .# ##
... .# .. ..


You could see a gnoll, a bat, a ball python, a frilled lizard and a rat
(wandering).

Vanquished Creatures
  2 gnolls (D:2)
  2 giant cockroaches (D:1)
  2 hobgoblins (D:1)
  2 kobolds
  4 bats (D:1)
  3 frilled lizards (D:1)
  2 rats
17 creatures vanquished.

Notes
Turn   | Place    | Note
-------+----------+-------------------------------------------
     0 | D:1      | Dfrag the Naga Fire Elementalist began the quest for the Orb.
     0 | D:1      | Reached XP level 1. HP: 15/15 MP: 3/3
   201 | D:1      | Reached XP level 2. HP: 8/22 MP: 0/5
   859 | D:2      | Reached XP level 3. HP: 28/28 MP: 6/6
   883 | D:2      | HP: 1/28 [gnoll/club (5)]
   884 | D:2      | Slain by a gnoll

Vault maps used:
D:1:      matt_arrival_refuge
D:2:      overflow_temple_1_default, tso_metal_star

Action                   || total
-------------------------++-------
Melee: Unarmed           ||     8
       Whip              ||     2
 Cast: Flame Tongue      ||    20
 Abil: Spit Poison       ||    13
Armor: Robe              ||    10
Dodge: Dodged            ||    25
